 Dungeon Crawl Stone Soup version 0.28-a0-1167-g616b1c6417 (webtiles) character file.

Game seed: 12960749119301899352

3990 Ijustatesigmund the Fighter (level 10, 0/96 HPs)
             Began as a Hill Orc Gladiator on Dec 16, 2021.
             Slain by Gastronok (28 damage)
             ... on level 8 of the Dungeon.
             The game lasted 00:13:02 (8458 turns).

Ijustatesigmund the Fighter (Hill Orc Gladiator)    Turns: 8458, Time: 00:13:02

Health: 0/96       AC: 11    Str: 21    XL:     10   Next: 22%
Magic:  10/10      EV: 11    Int: 20    God:
Gold:   367        SH:  0    Dex: 12    Spells: 6/9 levels left

rFire   + . .      SeeInvis .   a - +7 broad axe (vamp)
rCold   + . .      Faith    .   (no shield)
rNeg    . . .      Spirit   .   b - +0 ring mail
rPois   +          Reflect  .   c - +1 helmet
rElec   .          Harm     .   x - scarf {rC+ rF+}
rCorr   .          Rampage  .   (no gloves)
Will    .....                   l - +2 pair of boots of Pan-Flutes {Str+3 Int+2}
Stlth   +.........              (no amulet)
HPRegen 0.26/turn               e - +6 ring of intelligence
MPRegen 0.12/turn               p - ring of poison resistance

@: about to teleport
A: no striking features
a: no special abilities


You were on level 8 of the Dungeon.
You visited 1 branch of the dungeon, and saw 8 of its levels.

You collected 367 gold pieces.

Inventory:

Hand Weapons
 a - a +7 vampiric broad axe (weapon)
 t - a +4 war axe of flaming
Missiles
 d - 2 throwing nets (quivered)
Armour
 b - a +0 ring mail (worn)
 c - a +1 helmet (worn)
 l - the +2 pair of boots of Pan-Flutes (worn) {Str+3 Int+2}
   (You acquired it on level 5 of the Dungeon)

   Str:       It affects your strength (+3).
   Int:       It affects your intelligence (+2).
 x - a scarf of resistance (worn)
Jewellery
 e - a +6 ring of intelligence (left hand)
 g - a ring of magical power
 p - a ring of poison resistance (right hand)
Wands
 i - a wand of iceblast (2)
 v - a wand of flame (19)
Scrolls
 s - a scroll of teleportation
Potions
 f - 5 potions of flight
 h - a potion of invisibility
 j - a potion of cancellation
 k - a potion of brilliance
 m - a potion of mutation
 n - 3 potions of lignification
 o - a potion of attraction
 r - 2 potions of magic
 u - 4 potions of curing
 w - a potion of heal wounds {unknown}
 z - 2 potions of haste {unknown}


   Skills:
 + Level 11.2 Fighting
 + Level 11.0 Axes
 - Level 1.7 Throwing
 + Level 5.7 Armour
 - Level 2.4 Dodging
 + Level 3.9 Conjurations
 + Level 3.8 Hexes


You had 6 spell levels left.
You knew the following spells:

 Your Spells              Type           Power      Damage    Failure   Level
a - Dazzling Flash        Conj/Hex       30%        N/A       19%         3

Your spell library contained the following spells:

 Spells                   Type           Power      Damage    Failure   Level
 Inner Flame              Hex/Fire       7%         N/A       38%         3
 Cause Fear               Hex            7%         N/A       52%         4
 Iskenderun's Mystic Bla  Conj/Tloc      7%         2d4       80%         4
 Starburst                Conj/Fire      3%         6d3       100%        6
 Discord                  Hex            7%         N/A       100%        8


Dungeon Overview and Level Annotations

Branches:
Dungeon (8/15)             Temple (0/1) D:6            Lair (0/6) D:8

Altars:
Cheibriados
Fedhas
Hepliaklqana
Makhleb
Okawaru
Qazlal
Ru
Vehumet
Wu Jian
Yredelemnul
Zin

Shops:
D:5 [   D:7 (

Annotations:
D:8 Gastronok


Message History

You slash the killer bee!
You kill the killer bee!
No target in view!
No target in view!
No target in view!
Unknown command.
No target in view!
HP restored.
You see here a killer bee corpse.
Found 24 stones.
Casting: Dazzling Flash (dangerous; 19% risk of failure)
Confirm with . or Enter, or press ? or * to list all spells.
Okay, then.
You see here 24 stones.
Found a stone staircase leading down.
s - 2 scrolls of teleportation (gained 1) Gastronok the Ponderous comes into view.
He is wearing the +3 hat of Pondering {ponderous, Will+ MP+10 Int+5}.
Okay, then.
Okay, then.
Okay, then.
You start waiting.
Gastronok is nearby!
You slash Gastronok!
Gastronok is lightly wounded.
Gastronok bites you!!
You slash Gastronok!
You feel better.
Gastronok is lightly wounded.
You slash Gastronok!
You feel better.
Gastronok is moderately wounded.
Gastronok bites you!!
You slash Gastronok!
Gastronok is moderately wounded.
You barely miss Gastronok.
Gastronok is moderately wounded.
Gastronok waves his eye-stalks in wide circles.
The air twists around and strikes you!!
* * * LOW HITPOINT WARNING * * *
As you read the scroll of teleportation, it crumbles to dust.
You feel strangely unstable. Gastronok bites you!!
You die...

############.......##..#
...........#........#..#
...........#............
...........#.##.........
..#####)...#............
....#......#...........#
....#......#........###
#########..#...w.>..#.##
....#......#..##@......#
....#......#w ##.......#
..#####....# #.......##
...........# #..##..##
...........# #..##...####
...........# ##.###......#
##############..##.......#
...#............##.#....##
..###..........##.......#


You could see Gastronok.

Vanquished Creatures
  A two-headed ogre (D:8)
  An unseen horror (D:7)
  4 yaks (D:8)
  A steam dragon (D:8)
  A water moccasin (D:8)
  2 orc warriors
  3 black bears
  3 ogres
  A phantom (D:5)
  A kobold brigand (D:7)
  3 bullfrogs
  A water moccasin zombie (D:5)
  2 scorpions
  3 killer bees (D:8)
  A howler monkey (D:6)
  2 electric eels (D:6)
  A centaur zombie (D:7)
  A bullfrog zombie (D:5)
  4 hounds
  A gnoll shaman (D:6)
  2 centaur skeletons
  2 orc priests
  A bullfrog skeleton (D:6)
  A jelly (D:5)
  Ijyb (D:3)
  An iguana (D:5)
  3 orc wizards
  2 hound skeletons (D:4)
  15 gnolls
  7 adders
  A shadow imp (D:7)
  2 adder skeletons
  A worm (D:1)
  A dart slug (D:3)
  27 orcs
  2 ball pythons
  10 endoplasms
  2 giant cockroaches
  8 goblins
  4 hobgoblins
  12 jackals
  6 quokkas
  8 bats
  3 frilled lizards (D:1)
  14 kobolds
  5 rats
178 creatures vanquished.

Notes
Turn   | Place    | Note
-------+----------+-------------------------------------------
     0 | D:1      | Ijustatesigmund the Hill Orc Gladiator began the quest for
                  | the Orb.
     0 | D:1      | Reached XP level 1. HP: 18/18 MP: 1/1
   329 | D:1      | Reached XP level 2. HP: 12/25 MP: 2/2
   883 | D:1      | Reached XP level 3. HP: 28/31 MP: 3/3
  1390 | D:1      | Reached skill level 5 in Axes
  1686 | D:2      | Reached XP level 4. HP: 40/40 MP: 4/4
  1942 | D:2      | Found a stormy altar of Qazlal.
  2104 | D:2      | Found a faded altar of an unknown god.
  2664 | D:3      | Reached XP level 5. HP: 47/47 MP: 5/5
  2762 | D:3      | Reached skill level 5 in Fighting
  3104 | D:3      | Found an ornate altar of the Wu Jian Council.
  3113 | D:3      | Noticed Ijyb
  3126 | D:3      | Killed Ijyb
  3127 | D:3      | Reached XP level 6. HP: 46/57 MP: 6/6
  3246 | D:3      | Found a sacrificial altar of Ru.
  3970 | D:4      | Found a radiant altar of Vehumet.
  4095 | D:4      | Reached XP level 7. HP: 62/66 MP: 7/7
  4337 | D:5      | Entered Level 5 of the Dungeon
  4553 | D:5      | Found a stormy altar of Qazlal.
  4553 | D:5      | Found a blossoming altar of Fedhas.
  4556 | D:5      | Found Bastrul's Armour Shop.
  4598 | D:5      | Found a snail-covered altar of Cheibriados.
  5023 | D:5      | Reached XP level 8. HP: 31/77 MP: 8/8
  5892 | D:6      | Reached skill level 1 in Armour
  5943 | D:6      | Found a staircase to the Ecumenical Temple.
  6349 | D:5      | Found a glowing silver altar of Zin.
  6505 | D:5      | Identified a scroll of acquirement
  6505 | D:5      | Acquired the +2 pair of boots of Pan-Flutes {Str+3 Int+2}
  6931 | D:7      | Found a burning altar of Makhleb.
  6942 | D:7      | Learned a level 3 spell: Dazzling Flash
  6954 | D:7      | Reached skill level 10 in Fighting
  7101 | D:7      | Reached XP level 9. HP: 77/85 MP: 9/9
  7219 | D:7      | Found a basalt altar of Yredelemnul.
  7287 | D:7      | Found Muqigar's Antique Weapon Shoppe.
  7357 | D:7      | Killed an unseen horror
  7358 | D:7      | Reached skill level 1 in Conjurations
  7358 | D:7      | Reached skill level 1 in Hexes
  7562 | D:7      | Noticed a cacodemon
  7566 | D:7      | Noticed a smoke demon
  7566 | D:7      | Noticed an orange demon
  7765 | D:7      | Found a hazy altar of Hepliaklqana.
  7765 | D:7      | Found an iron altar of Okawaru.
  7770 | D:7      | Reached skill level 10 in Axes
  7900 | D:8      | Found a staircase to the Lair.
  7945 | D:8      | Acquired a +7 broad axe of venom
  8136 | D:8      | Noticed a two-headed ogre
  8146 | D:8      | Killed a two-headed ogre
  8190 | D:8      | Reached skill level 5 in Armour
  8310 | D:8      | Reached XP level 10. HP: 95/95 MP: 10/10
  8446 | D:8      | Noticed Gastronok
  8458 | D:8      | Slain by Gastronok

Illustrated notes

Levels and vault maps discovered:
D:1:      dpeg_arrival_erosion, layout_loops_ring
D:2:      minmay_wonky_spiral, layout_loops_ring, basic_altar,
          shapermc_ecumenical_altar_mp_vishouse
D:3:      layout_basic, nzn_wu_jian_council_hall, mainiacjoe_overflow_paths,
          serial_glass, glass_columns_a, glass_columns_b, minivault_23,
          grunt_ministairs_5, uniq_ijyb
D:4:      layout_gridville, nicolae_vehumet_radiance
D:5:      layout_cave_pods, grunt_temple_overflow_forces_of_nature,
          mainiacjoe_overflow_tiny_flanked, mainiacjoe_overflow_boulevard,
          serial_shops, shop, serial_park_tiny_pond, serial_bayou_pond_b
D:6:      layout_loops_ring, minmay_temple_entry_glassed_door,
          solitary_fountain, minivault_4
D:7:      layout_rooms, amethyst_overflow_temple_binary, kennysheep_mini,
          makhleb_altar_promises_db, serial_shops, shop
D:8:      layout_cave_pools, lair_entry_dummy, kennysheep_generic_room_16,
          uniq_gastronok

Skill      XL: |  1  2  3  4  5  6  7  8  9 10 |
---------------+-------------------------------+-----
Fighting       | 3 4 5 7 8 10 11 | 11.2
Axes           | 5 6 7 8 9 10 11 | 11.0
Armour         | 3 5 |  5.7
Conjurations   | 3 |  3.9
Hexes          | 3 |  3.8
Throwing       | |  1.7
Dodging        | |  2.4

Action                   |  1- 3 |  4- 6 |  7- 9 | 10-12 || total
-------------------------+-------+-------+-------+-------++-------
Melee: War axe           |   116 |   161 |   181 |       ||   458
       Broad axe         |       |       |    23 |    32 ||    55
Throw: Throwing net      |       |     3 |     1 |       ||     4
Evoke: Wand              |       |       |     6 |       ||     6
  Use: Scroll            |       |    10 |    11 |     1 ||    22
       Potion            |       |       |     1 |       ||     1
 Stab: Held in net/web   |       |     1 |       |       ||     1
Armor: Ring mail         |    57 |    81 |    97 |    17 ||   252
       Skin              |       |       |     3 |       ||     3
Dodge: Dodged            |    82 |    96 |   100 |    24 ||   302

Table legend: (Time is in decaauts)
 A = Elapsed time spent in this place.
 B = Non-inter-level travel time spent in this place.
 C = Inter-level travel time spent in this place.
 D = Time resting spent in this place.
 E = Time spent auto-exploring this place.
 F = Levels seen in this place.
 G = Mean time per level.
                   A        B        C        D        E       F      G
               +--------+--------+--------+--------+--------+-----+--------+
         Total |   8548 |   8362 |    186 |   1756 |   5224 |   8 | 1068.5 |
       Dungeon |   8548 |   8362 |    186 |   1756 |   5224 |   8 | 1068.5 |
               +--------+--------+--------+--------+--------+-----+--------+

Top non-repeatable levels by time:
     D:1: 1669 daAuts
     D:6: 1444 daAuts
     D:5: 1172 daAuts
     D:2: 976 daAuts
     D:7: 969 daAuts
     D:4: 882 daAuts
     D:3: 872 daAuts
     D:8: 560 daAuts
